 Dungeon Crawl Stone Soup version 0.27-a0-550-ge92ec0ca06 (webtiles) character file.

Game seed: 10377071657976928697

9 gruber the Skirmisher (level 2, -2/32 HPs)
             Began as an Ogre Warper on Mar 7, 2021.
             Slain by a jackal (3 damage)
             ... on level 1 of the Dungeon.
             The game lasted 00:00:23 (228 turns).

gruber the Skirmisher (Ogre Warper)                  Turns: 228, Time: 00:00:23

Health: -2/32      AC:  3    Str: 14    XL:     2   Next: 16%
Magic:  5/5        EV:  9    Int: 14    God:
Gold:   0          SH:  0    Dex:  8    Spells: 5/5 levels left

rFire    . . .     SeeInvis .   a - +0 mace
rCold    . . .     Faith    .   (no shield)
rNeg     . . .     Spirit   .   b - +0 robe
rPois    .         Reflect  .   (helmet restricted)
rElec    .         Harm     .   (no cloak)
rCorr    .         Rampage  .   (gloves unavailable)
Will     .....                  (boots unavailable)
Stlth    +.........             (no amulet)
HPRegen  0.10/turn              (no ring)
MPRegen  0.09/turn              (no ring)

@: no status effects
A: large, unfitting armour, tough skin 1
a: no special abilities


You were on level 1 of the Dungeon.
You visited 1 branch of the dungeon, and saw 1 of its levels.

Inventory:

Hand Weapons
 a - a +0 mace (weapon)
Missiles
 e - 5 boomerangs of dispersal (quivered)
Armour
 b - a +0 robe (worn)
Scrolls
 d - a scroll of blinking


   Skills:
 * Level 3.8 Fighting
 - Level 1.7 Maces & Flails
 - Level 1.0 Throwing
 - Level 2.1 Dodging
 - Level 2.4 Spellcasting
 - Level 2.6 Translocations


You had 5 spell levels left.
You didn't know any spells.
Your spell library contained the following spells:

 Spells                   Type           Power      Damage    Failure   Level
 Blink                    Tloc           N/A        N/A       12%         2
 Gell's Gravitas          Tloc           4%         N/A       22%         3
 Lesser Beckoning         Tloc           4%         N/A       22%         3
 Teleport Other           Tloc           9%         N/A       22%         3
 Manifold Assault         Tloc           9%         N/A       58%         4


Dungeon Overview and Level Annotations

Branches:
Dungeon (1/15)

Altars:


Innate Abilities, Weirdness & Mutations

You are too large for most types of armour.
You have tough skin. (AC +1)


Message History

The jackal is severely wounded.
The jackal barely misses you. x2; The jackal bites you.
You closely miss the jackal. The jackal barely misses you. x2
The jackal misses you. The jackal barely misses you. x2
You closely miss the jackal.
The jackal bites you but does no damage.
The jackal barely misses you. The jackal closely misses you.
The jackal barely misses you. x2
You closely miss the jackal. The jackal bites you.
The jackal closely misses you. The jackal barely misses you. x2
The jackal bites you but does no damage. x2
You miss the jackal. The jackal barely misses you.
The jackal closely misses you. The jackal barely misses you. x2
The jackal closely misses you.
You hit the jackal.
You kill the jackal!
The jackal bites you. x2; The jackal barely misses you.
You hit the goblin but do no damage. The jackal closely misses you. x2
The goblin barely misses you. The jackal barely misses you.
The jackal bites you. The goblin hits you with a +0 dagger.
* * * LOW HITPOINT WARNING * * *
You sock the goblin!
You kill the goblin!
The jackal bites you.
* * * LOW HITPOINT WARNING * * *
The jackal bites you but does no damage.
The jackal bites you.
* * * LOW HITPOINT WARNING * * *
The jackal bites you.
* * * LOW HITPOINT WARNING * * *
The jackal barely misses you.
Unknown command.
Unknown command.
Unknown command.
You closely miss the jackal.
The jackal is severely wounded.
The jackal bites you.
* * * LOW HITPOINT WARNING * * *
The jackal barely misses you. The jackal bites you.
You die...

#.......#.##.....#
≈≈≈≈≈≈≈.≈
#.####.##.#.##.....#
######♣##'#
............##.....#
#<.8# ≈#'#
#.####.#.#.##.....#
#...##8##.#
#.#.#.##...>.#
#...'......
#.####......#.#####
#...###8#+#
#.............#
#8.8##♣##+#
######.#.#..######
##'##♣≈....
#....#.#...rh@h#
#.##♣.....
####.###.#####h#
#.8#...... #.....#
.# #≈#.##...≈♣≈
###h#######.#
♣8.''...♣8♣
#......(.....
#≈#.##...≈♣≈
#.!........##
###.8#......
#.##.......
#.##♣.....
#......(.>. #+#
♣≈.... #..†.h.####..
#♣##+#


You could see 3 jackals and a rat.

Vanquished Creatures
  2 bat zombies (D:1)
  2 hobgoblins (D:1)
  A jackal (D:1)
  A frilled lizard (D:1)
  2 goblins (D:1)
8 creatures vanquished.

Notes
Turn   | Place    | Note
-------+----------+-------------------------------------------
     0 | D:1      | gruber the Ogre Warper began the quest for the Orb.
     0 | D:1      | Reached XP level 1. HP: 22/22 MP: 3/3
    55 | D:1      | Reached skill level 3 in Fighting
   218 | D:1      | Reached XP level 2. HP: 23/31 MP: 5/5
   228 | D:1      | HP: 1/32 [jackal (1)]
   228 | D:1      | Slain by a jackal

Illustrated notes

Levels and vault maps discovered:
D:1:      saegor_arrival_fortress, layout_basic, interstate_on_off,
          minmay_octomino_e4

Skill      XL: |  1 |
---------------+----+-----
Fighting       | 3 |  3.8
Maces & Flails | |  1.7
Throwing       | |  1.0
Dodging        | |  2.1
Spellcasting   | |  2.4
Translocations | |  2.6

Action                   || total
-------------------------++-------
Melee: Mace              ||    36
Armor: Robe              ||    29
Dodge: Dodged            ||    57

Table legend: (Time is in decaauts)
 A = Elapsed time spent in this place.
 B = Non-inter-level travel time spent in this place.
 C = Inter-level travel time spent in this place.
 D = Time resting spent in this place.
 E = Time spent auto-exploring this place.
 F = Levels seen in this place.
 G = Mean time per level.
                   A        B        C        D        E       F      G
               +--------+--------+--------+--------+--------+-----+--------+
         Total |    238 |    238 |      0 |      0 |    168 |   1 |  238.0 |
       Dungeon |    238 |    238 |      0 |      0 |    168 |   1 |  238.0 |
               +--------+--------+--------+--------+--------+-----+--------+

Top non-repeatable levels by time:
     D:1: 238 daAuts
